 Dungeon Crawl Stone Soup version 0.23.2-1-ga50397a (webtiles) character file.

Game seed: 15380176073857765778

25 FatLuigi the Magician (level 2, -1/24 HPs)
             Began as a Draconian Wanderer on Apr 22, 2019.
             Slain by a hobgoblin (2 damage)
             ... on level 1 of the Dungeon.
             The game lasted 00:12:11 (1158 turns).

FatLuigi the Magician (Draconian Wanderer)          Turns: 1158, Time: 00:12:12

Health: -1/24      AC:  4    Str: 13    XL:     2   Next: 82%
Magic:  7/7        EV: 11    Int: 11    God:
Gold:   27         SH:  0    Dex: 12    Spells: 6/9 levels left

rFire    . . .     SeeInvis .   a - +0 shortbow
rCold    . . .     Gourm    .   (shield currently unavailable)
rNeg     . . .     Faith    .   (armour unavailable)
rPois    .         Spirit   .   (helmet restricted)
rElec    .         Reflect  .   (no cloak)
rCorr    .         Harm     .   (no gloves)
MR       .....                  (no boots)
Stlth    +.........             (no amulet)
HPRegen  0.08/turn              (no ring)
MPRegen  0.10/turn              (no ring)

@: no status effects
A: unfitting armour, cold-blooded, AC +4
a: no special abilities


You were on level 1 of the Dungeon.
You were very hungry.

You visited 1 branch of the dungeon, and saw 2 of its levels.

You collected 27 gold pieces.

Inventory:

Hand Weapons
 a - a +0 shortbow (weapon)
Missiles
 c - 11 arrows (quivered)
Jewellery
 b - an uncursed ring of stealth {unknown}
Scrolls
 d - a scroll of teleportation
 g - a scroll of remove curse {unknown}
 i - a scroll of identify {unknown}
 j - a scroll of enchant armour {unknown}
Potions
 e - a potion of curing {unknown}
 h - a potion of haste {unknown}
 l - a potion of lignification {unknown}
Comestibles
 f - 2 rations


   Skills:
 - Level 2.1 Fighting
 - Level 2.6 Bows
 - Level 1.0 Throwing
 * Level 4.0 Spellcasting
   Level 1.0 Evocations


You had 6 spell levels left.
You knew the following spells:

 Your Spells              Type           Power        Failure   Level  Hunger
a - Magic Dart            Conj           #...         24%         1    #......
b - Blink                 Tloc           N/A          34%         2    ##.....

Your spell library contained the following spells:

 Spells                   Type           Power        Failure   Level  Hunger
 Call Imp                 Summ           #.......     34%         2    ##.....
 Slow                     Hex            #.......     34%         2    ##.....
 Conjure Flame            Conj/Fire      #.......     56%         3    ###....
 Mephitic Cloud           Conj/Pois/Air  #.......     56%         3    ###....


Dungeon Overview and Level Annotations

Branches:
Dungeon (2/15)

Altars:

Annotations:
D:2 Robin


Innate Abilities, Weirdness & Mutations

Your plain brown scales are hard. (AC +4)
You cannot fit into any form of body armour.
You are cold-blooded and may be slowed by cold attacks.


Message History

The arrow hits the hobgoblin.
The hobgoblin is severely wounded.
The hobgoblin closely misses you. The hobgoblin hits you.
* * * LOW HITPOINT WARNING * * *
Firing (i - inventory)
c - 13 arrows (quivered)
Press: ? - help, Shift-Dir - straight line, f/p - hobgoblin
Aim: a hobgoblin, wielding a +0 club (unusually strong)
You shoot an arrow. The arrow barely misses the hobgoblin.
The arrow closely misses the hobgoblin.
The hobgoblin barely misses you. The hobgoblin hits you.
* * * LOW HITPOINT WARNING * * *
Firing (i - inventory)
c - 12 arrows (quivered)
Press: ? - help, Shift-Dir - straight line, f/p - hobgoblin
Aim: a hobgoblin, wielding a +0 club (unusually strong)
You shoot an arrow. The arrow hits the hobgoblin.
The hobgoblin is moderately wounded.
The hobgoblin hits you with a +0 club.
* * * LOW HITPOINT WARNING * * *
The hobgoblin hits you.
You die...

#.# #.....####.# #.#
##...## #.# #.# ##.##
#.# #.# #.# #.#
##.#####.# ##.#
.........# #..#
##.####### #.##
......########g###
####.....(....gg@#
#..########.#g# #..#
#.#g# # #..# #####.#.# #
#..# #....(#.# #
#..####.#####.##########
#
#......................#
#
##.##.#.##############.#
#####.##.#.# #.#


You could see 4 hobgoblins and a goblin.

Vanquished Creatures
  A worm (D:2)
  2 giant cockroaches (D:1)
  7 goblins
  2 hobgoblins (D:1)
  4 bats
  2 kobolds
  A rat (D:1)
19 creatures vanquished.

Notes
Turn   | Place    | Note
-------+----------+-------------------------------------------
     0 | D:1      | FatLuigi the Draconian Wanderer began the quest for the
                  | Orb.
     0 | D:1      | FatLuigi set off with the following items: a +0 shortbow,
                  | 29 arrows, a scroll of teleportation, a ration; and the
                  | following spell memorised: Magic Dart; and the following
                  | spells available to memorise: Blink, Call Imp, Slow,
                  | Conjure Flame, Mephitic Cloud
     0 | D:1      | Reached XP level 1. HP: 17/17 MP: 4/4
   460 | D:1      | Reached XP level 2. HP: 24/24 MP: 4/6
   661 | D:1      | Learned a level 2 spell: Blink
   728 | D:2      | Noticed Robin
   744 | D:1      | HP: 1/24 [goblin/+0 dagger[Robin] (5)]
   810 | D:1      | HP: 1/24 [goblin/+0 dagger[Robin] (4)]
   859 | D:1      | HP: 1/24 [goblin/+0 dagger[Robin] (4)]
   860 | D:1      | Reached skill level 4 in Spellcasting
  1158 | D:1      | HP: 1/24 [hobgoblin/+0 club[Robin] (1)]
  1158 | D:1      | Slain by a hobgoblin

Skill      XL: |  1  2 |
---------------+-------+-----
Spellcasting   | 4 |  4.0
Fighting       | |  2.1
Bows           | |  2.6
Throwing       | |  1.0
Evocations     | |  1.0

Action                   || total
-------------------------++-------
 Fire: Shortbow          ||    65
 Cast: Magic Dart        ||     7
       Blink             ||     3
Armor: Skin              ||    21
Dodge: Dodged            ||    50
